 Dungeon Crawl Stone Soup version 0.20.0-10-g0535bb4 (webtiles) character file.

224 greprep the Grave Robber (level 5, -14/28 HPs)
             Began as a Deep Elf Necromancer on June 5, 2017.
             Demolished by Fenrir042's ghost (17 damage)
             ... on level 4 of the Dungeon.
             The game lasted 00:09:06 (3894 turns).

greprep the Grave Robber (Deep Elf Necromancer)     Turns: 3894, Time: 00:09:06

Health: -14/28     AC:  3    Str:  5    XL:     5   Next: 67%
Magic:  0/14       EV: 14    Int: 21    God:
Gold:   100        SH:  3    Dex: 15    Spells: 6/13 levels left

rFire    . . .     SeeInvis .   n - +4 quarterstaff (protect)
rCold    . . .     Gourm    .   (shield currently unavailable)
rNeg     . . .     Faith    .   a - +0 robe
rPois    .         Spirit   +   (no helmet)
rElec    .         Reflect  +   p - scarf {Spirit}
rCorr    .         Harm     .   k - +0 pair of gloves
MR       .....                  (no boots)
Stlth    ++........             j - +3 amulet of reflection
Regen    0.1/turn               (no ring)
MPRegen  0.2/turn               (no ring)

@: no status effects
A: no striking features
a: no special abilities


You were on level 4 of the Dungeon.
You were not hungry.

You visited 1 branch of the dungeon, and saw 4 of its levels.

You collected 100 gold pieces.

Inventory:

Hand Weapons
 h - a +0 hunting sling
 n - a +4 quarterstaff of protection (weapon)
Armour
 a - a +0 robe (worn)
 k - a +0 pair of gloves (worn)
 p - a scarf of spirit shield (worn)
Jewellery
 j - a +3 amulet of reflection (around neck)
Scrolls
 e - a scroll of identify
 f - a scroll of fear
 o - 2 scrolls of teleportation {unknown}
Potions
 c - a potion of degeneration {unknown}
 d - a potion of invisibility {unknown}
 g - a potion of heal wounds {unknown}
 i - a potion of resistance {unknown}
 l - a potion of flight {unknown}
 m - a potion of curing {unknown}
 r - a potion of berserk rage {unknown}
Books
 b - a book of Necromancy

   Spells                             Type                      Level
   a - Pain                           Necromancy                   1
   b - Animate Skeleton               Necromancy                   1
   c - Vampiric Draining              Necromancy                   3
   d - Regeneration                   Charms/Necromancy            3
   e - Animate Dead                   Necromancy                   4
   f - Control Undead                 Necromancy                   4
 q - a book of Cantrips

   Spells                             Type                      Level
   a - Confusing Touch                Hexes                        1
   b - Animate Skeleton               Necromancy                   1
   c - Summon Small Mammal            Summoning                    1
   d - Apportation                    Translocation                1
Comestibles
 s - a bread ration


   Skills:
 + Level 0.2 Fighting
 + Level 1.9 Staves
 + Level 3.4 Dodging
 + Level 2.8 Stealth
 + Level 4.9 Spellcasting
 + Level 1.7 Charms
 + Level 6.1 Necromancy


You had 6 spell levels left.
You knew the following spells:

 Your Spells              Type           Power        Failure   Level  Hunger
a - Pain                  Necr           ####         1%          1    None
b - Regeneration          Chrm/Necr      ###.......   6%          3    ##.....
c - Vampiric Draining     Necr           ####......   2%          3    ##.....


Dungeon Overview and Level Annotations

Branches:
Dungeon (4/15)
 Temple: D:4-7

Altars:

Annotations:
D:4 Fenrir042's ghost, amateur BaFi


Message History

The adder is almost dead.
The adder closely misses you.
You thump the adder!
You kill the adder!
You see here an adder corpse.
You feel sick.
You are no longer poisoned.
Fenrir042's ghost shrieks, "You must not succeed where I failed!"
Fenrir042's ghost hits you.
* * * LOW HITPOINT WARNING * * *
Fenrir042's ghost misses you. Fenrir042's ghost barely misses you.
Fenrir042's ghost hits you.
* * * LOW HITPOINT WARNING * * *
You see here a scroll of identify.
Fenrir042's ghost hits you!
* * * LOW HITPOINT WARNING * * *
Fenrir042's ghost hits you!!
Ouch! That really hurt!
You die...

.......(####.### #...l....
#...........######..###.##
#.#............>..........
#.#.#####...##.####.#.....
#...............>...#.....
#.#.#####..).....†........
#.#.# ###.##<######.....
#.#.######...#.# . ...
#.#.#....@.....# #
#.....##W#...#.#
#.......?#####.#
#..##.##.# #.# #..#####.#
#.# #†## ### #[# #.# ###


You could see Fenrir042's ghost.

Vanquished Creatures
  An orc priest (D:4)
  An orc wizard (D:4)
  4 gnolls
  4 adders
  2 worms (D:2)
  3 dart slugs
  3 leopard geckos
  6 orcs
  9 bats
  5 giant cockroaches
  6 hobgoblins
  4 jackals (D:3)
  A quokka (D:4)
  A ball python (D:1)
  7 frilled lizards
  9 goblins
  7 kobolds
  7 rats
80 creatures vanquished.

Notes
Turn   | Place    | Note
-------+----------+-------------------------------------------
     0 | D:1      | greprep the Deep Elf Necromancer began the quest for the Orb.
     0 | D:1      | Reached XP level 1. HP: 10/10 MP: 6/6
    37 | D:1      | Reached skill level 5 in Necromancy
   299 | D:1      | Reached XP level 2. HP: 13/15 MP: 4/8
  1128 | D:2      | Reached XP level 3. HP: 16/19 MP: 4/10
  1316 | D:1      | Learned a level 3 spell: Regeneration
  1790 | D:2      | Reached XP level 4. HP: 20/24 MP: 4/12
  2581 | D:1      | Reached skill level 1 in Charms
  2908 | D:3      | Reached skill level 6 in Necromancy
  3129 | D:3      | Reached XP level 5. HP: 28/28 MP: 14/14
  3131 | D:3      | Reached skill level 1 in Staves
  3240 | D:3      | Learned a level 3 spell: Vampiric Draining
  3626 | D:4      | Noticed Fenrir042's ghost (amateur BaFi)
  3894 | D:4      | Demolished by Fenrir042's ghost

Skill      XL: |  1  2  3  4  5 |
---------------+----------------+-----
Necromancy     | 5 6 |  6.1
Spellcasting   | 4 |  4.9
Charms         | 1 |  1.7
Dodging        | 3 |  3.4
Staves         | 1 |  1.9
Fighting       | |  0.2
Stealth        | |  2.8

Action                   |  1- 3 |  4- 6 || total
-------------------------+-------+-------++-------
Melee: Quarterstaff      |       |   103 ||   103
 Cast: Pain              |    58 |    20 ||    78
       Regeneration      |     5 |     6 ||    11
       Vampiric Draining |       |     5 ||     5
  Use: Potion            |     1 |       ||     1
       Scroll            |       |     4 ||     4
 Stab: Sleeping          |       |     5 ||     5
  Eat: Bread ration      |     1 |     1 ||     2
       Royal jelly       |       |     1 ||     1
Armor: Robe              |    30 |    38 ||    68
Dodge: Dodged            |    65 |    80 ||   145
Block: Other             |       |     3 ||     3
